 Dungeon Crawl Stone Soup version 0.19.5 (webtiles) character file.

50 miragecloak the Cudgeler (level 4, -1/35 HPs)
             Began as a Formicid Abyssal Knight on May 3, 2017.
             Was a Follower of Lugonu.
             Slain by a worm (3 damage)
             ... on level 2 of the Dungeon.
             The game lasted 00:01:40 (2307 turns).

miragecloak the Cudgeler (Formicid Abyssal Knight)  Turns: 2307, Time: 00:01:41

Health: -1/35      AC:  3    Str: 16    XL:     4   Next: 4%
Magic:  5/5        EV: 11    Int: 12    God:    Lugonu [*.....]
Gold:   75         SH:  0    Dex: 11    Spells: 0 memorised, 3 levels left

rFire  . . .     SeeInvis +     a - +1 mace
rCold  . . .     Gourm    .     b - +0 leather armour
rNeg   . . .     Faith    .     (no shield)
rPois  .         Spirit   .     (helmet unavailable)
rElec  .         Reflect  .     (no cloak)
rCorr  .         Harm     .     (no gloves)
MR     .....                    (no boots)
Stlth  +.........               (no amulet)
                                (no ring)
                                (no ring)

@: no status effects
A: permanent stasis, dig shafts and tunnels, four strong arms, antennae 3
a: Dig, Shaft Self, Depart the Abyss, Renounce Religion


You were on level 2 of the Dungeon.
You worshipped Lugonu.
Lugonu was aware of your devotion.
You were not hungry.

You visited 1 branch of the dungeon, and saw 2 of its levels.
You visited the Abyss 1 time.

You collected 75 gold pieces.

Inventory:

Hand Weapons
 a - a +1 mace (weapon)
Armour
 b - a +0 leather armour (worn)
Scrolls
 d - 3 scrolls of identify {unknown}
 e - a scroll of fear {unknown}
 f - 2 scrolls of remove curse {unknown}
 g - 3 scrolls of immolation {unknown}
 h - a scroll of teleportation {unknown}
 i - a scroll of recharging {unknown}
 k - a scroll of amnesia {unknown}
 n - a scroll of enchant weapon {unknown}
Potions
 j - a potion of heal wounds {unknown}
 m - a potion of cure mutation {unknown}
Comestibles
 c - 2 bread rations
 l - a meat ration
 o - a chunk of flesh


   Skills:
 - Level 3.2 Fighting
 + Level 4.0 Maces & Flails
 - Level 2.1 Armour
 - Level 0.8 Dodging
 - Level 2.1 Invocations


You had 3 spell levels left.
You didn't know any spells.

Dungeon Overview and Level Annotations

Branches:
Dungeon (2/15)

Altars:


Innate Abilities, Weirdness & Mutations

You are under a permanent stasis effect.
You can dig through walls and to a lower floor.
Your four strong arms can wield two-handed weapons with a shield.
You have a pair of large antennae on your head. (SInv)


Message History

You are too injured to fight recklessly!
There is an open door here.
You hit the goblin.
The goblin is severely wounded.
The goblin hits you.
* * * LOW HITPOINT WARNING * * *
You closely miss the goblin.
The goblin is severely wounded.
The goblin hits you.
* * * LOW HITPOINT WARNING * * *
You barely miss the goblin.
The goblin is severely wounded.
The goblin hits you.
* * * LOW HITPOINT WARNING * * *
The goblin hits you but does no damage.
You hit the goblin.
You kill the goblin!
Lugonu accepts your kill. The worm bites you.
You die...

.. .. ## .# .# .# .#
####### .######
#######
#.....##......#
.......
+.....'@w......
...###
#.....#######.#
.....# #.....#
...#+##+##.....#
.........+.....+
..#......#.....#####
.........#.))......#
.........###.#.....#
.........# #.#.....#


You could see a worm.

Vanquished Creatures
  An adder (D:1)
  A worm (D:2)
  A leopard gecko (D:1)
  4 bats (D:1)
  2 giant cockroaches
  4 hobgoblins
  8 kobolds
  3 frilled lizards
  7 goblins
  2 rats
33 creatures vanquished.

Notes
Turn   | Place    | Note
-------+----------+-------------------------------------------
     0 | Abyss:1  | miragecloak the Formicid Abyssal Knight began the quest for the Orb.
     0 | Abyss:1  | Reached XP level 1. HP: 18/18 MP: 2/2
    64 | Abyss:1  | Noticed a ynoxinul
    65 | D:1      | Escaped the Abyss
   326 | D:1      | Reached XP level 2. HP: 10/24 MP: 3/3
   775 | D:1      | Reached skill level 3 in Maces & Flails
  1054 | D:2      | Reached XP level 3. HP: 7/29 MP: 4/4
  1065 | D:1      | HP: 1/29 [poisoned by an adder]
  1717 | D:2      | Reached * piety under Lugonu
  2275 | D:2      | Reached skill level 4 in Maces & Flails
  2275 | D:2      | Reached XP level 4. HP: 34/35 MP: 5/5
  2307 | D:2      | Slain by a worm

Skill      XL: |  1  2  3 |
---------------+----------+-----
Maces & Flails | 3 4 |  4.0
Fighting       | |  3.2
Armour         | |  2.1
Dodging        | |  0.8
Invocations    | |  2.1

Action                   |  1- 3 |  4- 6 || total
-------------------------+-------+-------++-------
Melee: Mace              |   107 |    14 ||   121
Invok: Depart the Abyss  |     1 |       ||     1
  Eat: Chunk             |     2 |       ||     2
       Meat ration       |     1 |       ||     1
Armor: Leather armour    |    26 |     4 ||    30
Dodge: Dodged            |    79 |     9 ||    88
